 Dungeon Crawl Stone Soup version 0.28.0-53-g5a82cb258f (webtiles) character file.

Game seed: 9879024084244118232

7507 Sin92 the Cleaver (level 10, -4/79 HPs)
             Began as a Demonspawn Fighter on Aug 14, 2022.
             Was a High Priest of Okawaru.
             Slain by a boulder beetle (37 damage)
             ... on level 11 of the Dungeon.
             The game lasted 00:15:00 (9912 turns).

Sin92 the Cleaver (Demonspawn Fighter)              Turns: 9912, Time: 00:15:00

Health: -4/79      AC: 14    Str: 20    XL:     10   Next: 95%
Magic:  12/13      EV: 15    Int: 16    God:    Okawaru [*****.]
Gold:   618        SH: 17    Dex: 13    Spells: 9/9 levels left

rFire   . . .      SeeInvis .   a - +2 war axe
rCold   x . .      Faith    .   f - +0 kite shield
rNeg    . . .      Spirit   .   p - +3 leather armour
rPois   +          Reflect  +   (no helmet)
rElec   +          Harm     .   z - +2 cloak
rCorr   .          Rampage  .   (no gloves)
Will    .....                   (no boots)
Stlth   +++.......              j - amulet of reflection
HPRegen 0.23/turn               e - +4 ring of slaying
MPRegen 0.13/turn               s - ring of Rugifetz {rElec rPois rC- Int+6}

@: heroic
A: hooves 1, molten scales 2, ignite blood 2, spiny 1
a: Renounce Religion, Heroism, Finesse, Duel


You were on level 11 of the Dungeon.
You worshipped Okawaru.
Okawaru was extremely pleased with you.
You visited 1 branch of the dungeon, and saw 11 of its levels.

You collected 618 gold pieces.

Inventory:

Hand Weapons
 a - a +2 war axe (weapon)
Missiles
 B - 2 throwing nets (quivered)
Armour
 f - a +0 kite shield (worn)
 p - a +3 leather armour (worn)
 z - a +2 cloak (worn)
Jewellery
 b - a ring of wizardry
 e - a +4 ring of slaying (left hand)
 j - an amulet of reflection (around neck)
 k - the ring of the Hare {EV+8}
   (You found it on level 11 of the Dungeon)

   [ring of evasion]

   EV:        It affects your evasion (+8).
 s - the ring of Rugifetz (right hand) {rElec rPois rC- Int+6}
   (You found it on level 5 of the Dungeon)

   [ring of poison resistance]

   Int:       It affects your intelligence (+6).
   rC:        It makes you vulnerable to cold.
   rElec:     It insulates you from electricity.
   rPois:     It protects you from poison.
Wands
 v - a wand of digging (3)
Scrolls
 c - a scroll of noise
 h - 3 scrolls of fear
 i - a scroll of enchant weapon
 n - 12 scrolls of identify
 A - a scroll of teleportation
Potions
 d - 2 potions of might
 g - 3 potions of heal wounds
 o - a potion of magic
 u - 4 potions of curing
 x - 2 potions of flight


   Skills:
 + Level 7.4(12.4) Fighting
 * Level 9.1(14.1) Axes
 + Level 6.6(11.6) Armour
 + Level 5.9(10.9) Dodging
 + Level 6.7(11.7) Shields
 + Level 4.8 Invocations


You had 9 spell levels left.
You didn't know any spells.
Your spell library contained the following spells:

 Spells                   Type           Power      Damage    Failure   Level
 Blink                    Tloc           0%         N/A       65%         2
 Corpse Rot               Necr/Air       0%         N/A       65%         2
 Scorch                   Fire           0%         2d5       65%         2
 Inner Flame              Hex/Fire       0%         N/A       87%         3
 Lesser Beckoning         Tloc           0%         N/A       87%         3
 Cause Fear               Hex            0%         N/A       99%         4
 Dispel Undead            Necr           0%         3d6       99%         4
 Flame Wave               Conj/Fire      0%         2d4       99%         4
 Passage of Golubria      Tloc           0%         N/A       99%         4
 Manifold Assault         Tloc           0%         N/A       100%        5
 Yara's Violent Unravell  Hex/Tmut       0%         3d3       100%        5
 Discord                  Hex            0%         N/A       100%        8
 Tukima's Dance           Hex            Unusable   N/A       N/A         3
 Death Channel            Necr           Unusable   N/A       N/A         6
 Summon Cactus Giant      Summ           Unusable   N/A       N/A         6

Dungeon Overview and Level Annotations

Branches:
Dungeon (11/15)            Temple (0/1) D:7            Lair (0/6) D:8
    Orc: D:9-12

Altars:
Dithmenos
Kikubaaqudgha
Makhleb
Nemelex Xobeh
Okawaru
Sif Muna
Uskayaw
Vehumet
Zin
The Shining One

Shops:
D:5 !   D:7 ([


Innate Abilities, Weirdness & Mutations

You have large cloven feet.
You are mostly covered in molten scales. (AC +3)
Your demonic aura often causes spilled blood to erupt in flames.
You are partially covered in sharp spines.


Message History

The boulder beetle bites you but does no damage.
Unknown command.
A boulder beetle is nearby!
You hit the boulder beetle but do no damage.
You kick the boulder beetle, but do no damage.
The boulder beetle is moderately wounded.
The boulder beetle bites you.
Unknown command.
You hit the boulder beetle but do no damage.
You kick the boulder beetle, but do no damage.
The boulder beetle is moderately wounded.
The boulder beetle is struck by your spines.
The boulder beetle bites you!
Unknown command.
You are too injured to fight recklessly!
Unknown command.
You are too injured to fight recklessly!
Unknown command.
You are too injured to fight recklessly!
Unknown command.
You are too injured to fight recklessly!
Unknown command.
You gain the combat prowess of a mighty hero.
The boulder beetle is struck by your spines.
The boulder beetle misses you.
You slash the boulder beetle!
The boulder beetle is severely wounded.
The boulder beetle closely misses you.
You hit the boulder beetle but do no damage.
You kick the boulder beetle.
The boulder beetle is severely wounded.
The boulder beetle bites you.
You hit the boulder beetle.
You kick the boulder beetle, but do no damage.
The boulder beetle is severely wounded.
The boulder beetle leaps!
Found a spear.
The boulder beetle curls into a ball and begins rolling!
The boulder beetle hits you!!!
You die...

#.#........
#.#........
#...[......
##...###### #...#
#### #######..#
.....#####...$....#
.......#..........#
....°°B@..........#
#.###.....###.##..#
##...## ##.#..#
#...# .#..# #...#
##..# ...... ..#
)...... ........


You could see a boulder beetle (rolling).

Vanquished Creatures
  An elephant (D:8)
  A hornet (D:8)
  A troll (D:11)
  9 yaks
  A wyvern (D:9)
  Sigmund (D:5)
  A shadow (D:11)
  Eustachio (D:4)
  2 steam dragons (D:7)
  Grum (D:8)
  Menkaure (D:5)
  An acid dragon (D:8)
  A water moccasin (D:8)
  A sky beast (D:5)
  3 orc warriors
  3 black bears
  4 wolves (D:8)
  2 ogres
  2 centaurs
  2 phantoms
  A kobold brigand (D:10)
  2 wyvern zombies (D:7)
  A bullfrog (D:7)
  A scorpion (D:6)
  A water moccasin skeleton (D:7)
  4 killer bees (D:10)
  8 wights
  7 howler monkeys
  2 electric eels (D:9)
  4 centaur zombies
  2 jellies
  9 orc priests
  A bullfrog skeleton (D:6)
  6 hounds
  A gnoll shaman (D:10)
  3 centaur skeletons
  A scorpion zombie (D:5)
  3 iguanas
  Ijyb (D:4)
  4 orc wizards
  The ghost of lotum the Sneak, a weakling DsDe (D:6)
  A hound skeleton (D:4)
  A howler monkey zombie (D:9)
  4 gnolls (D:10)
  9 adders
  A shadow imp (D:6)
  2 white imps
  An ufetubus (D:7)
  2 worms
  A dart slug (D:3)
  38 orcs
  3 bats
  4 endoplasms
  2 giant cockroaches
  7 goblins
  6 hobgoblins
  2 quokkas
  5 ball pythons
  2 frilled lizards
  9 kobolds
  5 rats
207 creatures vanquished.

Vanquished Creatures (others)
  10 plants
10 creatures vanquished.

Grand Total: 217 creatures vanquished

Notes
Turn   | Place    | Note
-------+----------+-------------------------------------------
     0 | D:1      | Sin92 the Demonspawn Fighter began the quest for the Orb.
     0 | D:1      | Reached XP level 1. HP: 18/18 MP: 1/1
    45 | D:1      | Found a faded altar of an unknown god.
   101 | D:1      | Reached skill level 2 in Axes
   280 | D:1      | Gained mutation: Your demonic aura sometimes causes spilled
                  | blood to erupt in flames. [demonic ancestry]
   280 | D:1      | Reached XP level 2. HP: 24/24 MP: 2/2
   976 | D:2      | Found a hide-covered altar of Uskayaw.
  1345 | D:2      | Gained mutation: Your demonic aura often causes spilled
                  | blood to erupt in flames. [demonic ancestry]
  1345 | D:2      | Reached XP level 3. HP: 29/29 MP: 3/3
  1739 | D:3      | Reached skill level 1 in Dodging
  1739 | D:3      | Reached XP level 4. HP: 30/35 MP: 4/4
  1829 | D:3      | Reached skill level 3 in Axes
  2158 | D:3      | Reached XP level 5. HP: 41/41 MP: 5/5
  2219 | D:3      | Found a radiant altar of Vehumet.
  2369 | D:3      | Found a burning altar of Makhleb.
  2624 | D:4      | Noticed an ogre
  2634 | D:4      | Killed an ogre
  2635 | D:4      | Reached XP level 6. HP: 15/48 MP: 6/6
  2867 | D:4      | Noticed Ijyb
  2878 | D:4      | Killed Ijyb
  3086 | D:4      | Noticed Eustachio
  3091 | D:4      | Killed Eustachio
  3092 | D:4      | Reached skill level 4 in Axes
  3130 | D:4      | Found an iron altar of Okawaru.
  3130 | D:4      | Found a faded altar of an unknown god.
  3136 | D:4      | Found a shadowy altar of Dithmenos.
  3140 | D:4      | Found a sparkling altar of Nemelex Xobeh.
  3148 | D:4      | Became a worshipper of Warmaster Okawaru
  3260 | D:4      | Gained mutation: You have large cloven feet. [demonic
                  | ancestry]
  3260 | D:4      | Reached XP level 7. HP: 44/54 MP: 7/7
  3728 | D:5      | Entered Level 5 of the Dungeon
  3729 | D:5      | Found Xaimehal's Distillery.
  3901 | D:5      | Reached * piety under Okawaru
  3948 | D:5      | Noticed Sigmund
  3955 | D:5      | Killed Sigmund
  3956 | D:5      | Reached skill level 5 in Axes
  4238 | D:5      | Gained mutation: You are partially covered in molten
                  | scales. (AC +2) [demonic ancestry]
  4238 | D:5      | Reached XP level 8. HP: 54/61 MP: 8/8
  4250 | D:5      | Identified the ring of Rugifetz {rElec rPois rC- Int+6}
  4274 | D:5      | Noticed Menkaure
  4281 | D:5      | Killed Menkaure
  4282 | D:5      | Reached skill level 5 in Fighting
  4374 | D:6      | Found a shimmering blue altar of Sif Muna.
  4386 | D:6      | Reached ** piety under Okawaru
  4570 | D:6      | Found a hide-covered altar of Uskayaw.
  4578 | D:6      | Reached skill level 6 in Axes
  4851 | D:6      | Found a runed translucent door.
  4851 | D:6      | Noticed lotum's ghost (weakling DsDe)
  5175 | D:6      | Killed lotum's ghost
  5176 | D:6      | Reached skill level 5 in Shields
  5220 | D:7      | Found Nigg's Armour Boutique.
  5351 | D:7      | Reached skill level 5 in Armour
  5408 | D:7      | Found Ytuaxt's Weapon Shop.
  5435 | D:7      | Gained mutation: You are partially covered in sharp spines.
                  | [demonic ancestry]
  5435 | D:7      | Reached XP level 9. HP: 35/69 MP: 9/9
  5879 | D:7      | Found an ancient bone altar of Kikubaaqudgha.
  5942 | D:7      | Reached *** piety under Okawaru
  6178 | D:7      | Reached skill level 7 in Axes
  6345 | D:7      | Found a staircase to the Ecumenical Temple.
  6889 | D:8      | Noticed an elephant
  6890 | D:8      | Found a staircase to the Lair.
  6904 | D:8      | Reached skill level 1 in Invocations
  6905 | D:8      | Killed an elephant
  6905 | D:8      | Reached **** piety under Okawaru
  6906 | D:8      | Reached skill level 5 in Dodging
  7004 | D:8      | Noticed Grum
  7022 | D:8      | Gained mutation: You are mostly covered in molten scales.
                  | (AC +3) [demonic ancestry]
  7022 | D:8      | Reached XP level 10. HP: 44/77 MP: 11/11
  7022 | D:8      | Killed Grum
  7025 | D:8      | Reached skill level 8 in Axes
  7781 | D:9      | Reached ***** piety under Okawaru
  8881 | D:10     | Entered Level 10 of the Dungeon
  9415 | D:10     | Identified the +3 great sword of the Lonely Allies {drain,
                  | rC- Will+ Str+5}
  9818 | D:11     | Found the ring of the Hare {EV+8}
  9841 | D:11     | Reached skill level 9 in Axes
  9897 | D:11     | Noticed a boulder beetle
  9912 | D:11     | Slain by a boulder beetle

Illustrated notes

Levels and vault maps discovered:
D:1:      saegor_arrival_under_anarchy, layout_loops_corners,
          hellmonk_ecumenical_altar_arch_garden
D:2:      layout_basic, basic_altar
D:3:      wander_river, layout_rooms, lightli_temple_of_fire,
          general_overflow_altar, amcnicky_altar_gilded
D:4:      nicolae_cairo_tiling, layout_basic,
          chequers_temple_overflow_minitemple, uniq_eustachio, uniq_ijyb
D:5:      layout_rooms, serial_shops, nicolae_diamond_shop, uniq_menkaure,
          uniq_sigmund
D:6:      minmay_angry_zag, layout_cave_pools, mainiacjoe_overflow_chevrons,
          overflow_temple_1_default, hellmonk_ghost_happy_afterlife,
          nicolae_water_bricks
D:7:      layout_basic, kiku_gazebo_pond_becter, minmay_temple_entry_fiery,
          serial_shops, kennysheep_mini_moat, nicolae_stop_n_shop_1
D:8:      layout_basic, david_lair_generic, corexii_hall_statues_x, uniq_grum
D:9:      layout_basic, serial_rivers, chequers_serial_rivers_marsh,
          chequers_serial_rivers_small_3, chequers_serial_rivers_large_a,
          chequers_serial_rivers_small_b
D:10:     layout_roguey
D:11:     minmay_wavy_crystal, layout_basic, nicolae_uskayaw_suspiria

Skill      XL: |  1  2  3  4  5  6  7  8  9 10 |
---------------+-------------------------------+-----
Axes           | 2 3 4 5 6 7 9 |  9.1
Shields        | 3 4 5 6 |  6.7
Armour         | 3 4 5 6 |  6.6
Dodging        | 1 2 3 4 5 |  5.9
Fighting       | 4 5 6 7 |  7.4
Invocations    | 2 4 |  4.8

Action                   |  1- 3 |  4- 6 |  7- 9 | 10-12 || total
-------------------------+-------+-------+-------+-------++-------
Melee: War axe           |    65 |    66 |   208 |   162 ||   501
       Kick              |       |       |    60 |    72 ||   132
Invok: Heroism           |       |       |       |     1 ||     1
Evoke: Wand              |       |       |     1 |     1 ||     2
  Use: Scroll            |     2 |     3 |     9 |     2 ||    16
       Potion            |       |     4 |     3 |     1 ||     8
 Stab: Distracted        |       |       |     1 |       ||     1
Armor: Scale mail        |    12 |       |       |       ||    12
       Chain mail        |     5 |    24 |     4 |       ||    33
       Leather armour    |       |       |    68 |    54 ||   122
Dodge: Dodged            |    22 |    12 |    78 |    60 ||   172
Block: Kite shield       |    37 |    39 |   180 |   139 ||   395
       Buckler           |     2 |       |       |       ||     2
       Reflection        |       |     3 |     2 |     4 ||     9
